[ AOE2 MATCH · #474433490 ]
Team RMTatars vs Mongols
[ REPLAY ANALYSIS · EXTRACTED FROM THE RECORDED GAME ]
Feudal
10:34
Castle
29:09
Imperial
—
| APM avg | 20.3 |
| APM peak | 55 |
| eAPM avg | 11.2 |
| Villagers / military | 92 / 106 |
Focus
⚔️ 30.3% · 🌾 69.7%
Scout Cavalry ×30 · Steppe Lancer ×28 · Skirmisher ×24 · Cavalry Archer ×17 · Spearman ×7
Feudal
—
Castle
—
Imperial
—
| APM avg | 21.1 |
| APM peak | 44 |
| eAPM avg | 12.9 |
| Villagers / military | 131 / 89 |
Focus
⚔️ 21.6% · 🌾 78.4%
Mangudai ×76 · Archer ×6 · Spearman ×3 · Trebuchet (Packed) ×2 · Monk ×1 · Mangonel ×1
Feudal
9:23
Castle
25:04
Imperial
41:18
| APM avg | 27.4 |
| APM peak | 60 |
| eAPM avg | 14.7 |
| Villagers / military | 130 / 99 |
Focus
⚔️ 21.8% · 🌾 78.2%
Knight ×75 · Scout Cavalry ×21 · Monk ×3
Feudal
10:00
Castle
21:27
Imperial
—
| APM avg | 45.9 |
| APM peak | 89 |
| eAPM avg | 17.6 |
| Villagers / military | 129 / 84 |
Focus
⚔️ 28.9% · 🌾 71.1%
Archer ×45 · Spearman ×33 · Scorpion ×5 · Skirmisher ×1
Feudal
—
Castle
—
Imperial
—
| APM avg | 40.5 |
| APM peak | 88 |
| eAPM avg | 23.4 |
| Villagers / military | 125 / 105 |
Focus
⚔️ 21.8% · 🌾 78.2%
Skirmisher ×83 · Spearman ×11 · Cataphract ×7 · Militia ×2 · Monk ×2
Feudal
9:56
Castle
24:14
Imperial
42:07
| APM avg | 38.3 |
| APM peak | 66 |
| eAPM avg | 16.9 |
| Villagers / military | 80 / 67 |
Focus
⚔️ 20.1% · 🌾 79.9%
Knight ×49 · Scout Cavalry ×14 · Spearman ×2 · Monk ×2
Match map
Initial resources + every placement click. Lines = walls · curves = elevation contours. ◆ gold · ⬟ stone · ● berries · ✦ relic · ◌ wall gap
Your base· Open — 5t gap
joaquinlopez96's base· ✓ Closed at 16:31 · 62t walls · no gate
Condorito's base· Open — 6t gap
NEMAGOVE's base· ✓ Closed at 21:27 · 25t walls · 1 gate(s)
Betjan0000's base· ✓ Closed at 23:03 · 79t walls · 3 gate(s)
Sacchetti's base· Open — 3t gap
Smoothed initial terrain · ◌ = detected wall gap · hover for details
Inputs per minute
— miraclemax911 - - joaquinlopez96
Build order — miraclemax911
First 150 of 249 actions detected
| 0:00 | Create | Villager (Male) |
| 0:01 | Create | Villager (Male) |
| 0:01 | Create | Villager (Male) |
| 0:01 | Create | Villager (Male) |
| 0:02 | Create | Villager (Male) |
| 0:03 | Build | House |
| 0:05 | Build | House |
| 1:24 | Create | Villager (Male) |
| 1:45 | Build | Lumber Camp |
| 1:49 | Create | Villager (Male) |
| 1:49 | Create | Villager (Male) |
| 2:10 | Create | Villager (Male) |
| 2:53 | Create | Villager (Male) |
| 2:53 | Create | Villager (Male) |
| 3:20 | Create | Villager (Male) |
| 3:44 | Create | Villager (Male) |
| 3:47 | Create | Villager (Male) |
| 4:13 | Build | House |
| 4:34 | Build | Mill |
| 4:38 | Create | Villager (Male) |
| 4:38 | Create | Villager (Male) |
| 4:39 | Create | Villager (Male) |
| 4:45 | Build | House |
| 5:15 | Create | Villager (Male) |
| 5:16 | Create | Villager (Male) |
| 5:16 | Create | Villager (Male) |
| 5:53 | Create | Villager (Male) |
| 6:25 | Create | Villager (Male) |
| 6:50 | Create | Villager (Male) |
| 7:00 | Build | Mill |
| 7:15 | Build | House |
| 7:18 | Build | House |
| 7:23 | Create | Villager (Male) |
| 7:28 | Research | Loom |
| 7:29 | Create | Villager (Male) |
| 8:06 | Research | Feudal Age |
| 8:29 | Build | Barracks |
| 8:57 | Build | Palisade Wall |
| 9:15 | Build | Palisade Wall |
| 9:32 | Build | Palisade Wall |
| 9:42 | Build | Palisade Gate |
| 9:52 | Build | Palisade Wall |
| 9:55 | Create | Villager (Male) |
| 10:34 | Age | Feudal Age |
| 10:39 | Create | Villager (Male) |
| 10:51 | Build | Stable |
| 10:57 | Create | Villager (Male) |
| 11:14 | Research | Double-Bit Axe |
| 11:41 | Create | Villager (Male) |
| 11:53 | Build | Mining Camp |
| 11:57 | Create | Villager (Male) |
| 12:00 | Create | Scout Cavalry |
| 12:00 | Create | Scout Cavalry |
| 12:07 | Create | Spearman |
| 12:22 | Create | Villager (Male) |
| 12:31 | Create | Scout Cavalry |
| 12:45 | Create | Villager (Male) |
| 12:55 | Build | Palisade Gate |
| 12:58 | Build | Stable |
| 13:01 | Create | Scout Cavalry |
| 13:09 | Create | Villager (Male) |
| 13:28 | Create | Scout Cavalry |
| 13:30 | Create | Villager (Male) |
| 13:32 | Build | House |
| 13:33 | Build | House |
| 13:35 | Research | Gold Mining |
| 13:55 | Research | Horse Collar |
| 14:30 | Build | House |
| 14:32 | Create | Villager (Male) |
| 14:33 | Create | Villager (Male) |
| 15:03 | Create | Villager (Male) |
| 15:08 | Build | Blacksmith |
| 15:22 | Build | Farm |
| 15:30 | Create | Villager (Male) |
| 16:02 | Build | Farm |
| 16:02 | Build | Farm |
| 16:37 | Create | Villager (Male) |
| 16:39 | Create | Villager (Male) |
| 16:43 | Build | Farm |
| 16:43 | Build | Farm |
| 17:00 | Build | Farm |
| 17:04 | Build | Farm |
| 17:11 | Build | Farm |
| 17:13 | Create | Villager (Male) |
| 17:24 | Build | Lumber Camp |
| 17:38 | Create | Villager (Male) |
| 17:53 | Create | Villager (Male) |
| 18:11 | Build | Farm |
| 18:11 | Build | Farm |
| 18:17 | Build | Farm |
| 18:19 | Build | Farm |
| 18:24 | Build | Farm |
| 18:26 | Build | Farm |
| 18:30 | Build | Farm |
| 18:39 | Create | Villager (Male) |
| 18:53 | Build | House |
| 18:56 | Build | House |
| 18:58 | Research | Bloodlines |
| 19:22 | Build | Archery Range |
| 19:25 | Create | Villager (Male) |
| 19:30 | Create | Villager (Male) |
| 19:34 | Research | Scale Barding Armor |
| 19:38 | Create | Scout Cavalry |
| 19:45 | Build | House |
| 20:07 | Build | House |
| 21:08 | Create | Villager (Male) |
| 21:08 | Create | Villager (Male) |
| 21:31 | Build | Farm |
| 21:32 | Create | Villager (Male) |
| 21:37 | Create | Scout Cavalry ×5 |
| 21:37 | Create | Scout Cavalry ×5 |
| 21:37 | Create | Scout Cavalry |
| 21:40 | Build | Farm |
| 21:49 | Build | Palisade Wall |
| 22:07 | Build | Market |
| 22:18 | Create | Villager (Male) |
| 22:18 | Create | Villager (Male) |
| 22:29 | Build | Palisade Wall |
| 22:37 | Build | Palisade Wall |
| 22:52 | Create | Scout Cavalry ×2 |
| 22:52 | Create | Scout Cavalry ×2 |
| 23:23 | Research | Forging |
| 23:26 | Create | Spearman |
| 23:27 | Create | Spearman |
| 23:27 | Create | Spearman |
| 23:35 | Build | House |
| 23:40 | Create | Spearman |
| 23:43 | Build | Farm |
| 23:53 | Build | Stone Wall |
| 23:56 | Build | House |
| 24:04 | Build | Stone Wall |
| 24:40 | Research | Fletching |
| 26:10 | Create | Spearman |
| 26:10 | Create | Spearman |
| 26:13 | Create | Scout Cavalry ×4 |
| 26:13 | Create | Scout Cavalry ×4 |
| 26:29 | Research | Castle Age |
| 26:46 | Create | Villager (Male) |
| 26:47 | Create | Villager (Male) |
| 27:07 | Build | Mining Camp |
| 27:46 | Build | Stone Wall |
| 27:51 | Build | Stone Wall |
| 27:53 | Create | Villager (Male) |
| 28:06 | Build | Stone Wall |
| 28:11 | Build | House |
| 28:13 | Build | House |
| 28:21 | Create | Villager (Male) |
| 28:24 | Research | Stone Mining |
| 29:09 | Age | Castle Age |
| 29:13 | Create | Steppe Lancer ×5 |
Build order — joaquinlopez96
First 150 of 308 actions detected
| 0:02 | Create | Villager (Male) |
| 0:02 | Create | Villager (Male) |
| 0:02 | Create | Villager (Male) |
| 0:03 | Create | Villager (Male) |
| 0:03 | Create | Villager (Male) |
| 0:04 | Build | House |
| 0:05 | Build | House |
| 1:34 | Create | Villager (Male) |
| 1:47 | Build | Lumber Camp |
| 2:00 | Create | Villager (Male) |
| 2:29 | Create | Villager (Male) |
| 2:40 | Research | Loom |
| 2:53 | Create | Villager (Male) |
| 3:07 | Create | Villager (Male) |
| 3:34 | Create | Villager (Male) |
| 4:35 | Create | Villager (Male) |
| 4:40 | Build | House |
| 4:47 | Build | House |
| 4:53 | Create | Villager (Male) |
| 5:23 | Create | Villager (Male) |
| 5:43 | Create | Villager (Male) |
| 5:48 | Build | Mill |
| 6:11 | Create | Villager (Male) |
| 6:55 | Create | Villager (Male) |
| 7:26 | Create | Villager (Male) |
| 7:30 | Research | Feudal Age |
| 7:58 | Build | Barracks |
| 8:04 | Build | House |
| 8:34 | Build | Palisade Wall |
| 9:12 | Build | Mill |
| 9:16 | Create | Villager (Male) |
| 9:31 | Build | Palisade Wall |
| 9:52 | Build | Mining Camp |
| 9:55 | Build | House |
| 10:00 | Build | Palisade Wall |
| 10:22 | Create | Villager (Male) |
| 10:36 | Create | Villager (Male) |
| 10:45 | Create | Villager (Male) |
| 11:01 | Build | Palisade Wall |
| 11:17 | Build | Palisade Wall |
| 11:28 | Create | Villager (Male) |
| 11:46 | Create | Villager (Male) |
| 11:55 | Build | Archery Range |
| 11:58 | Build | House |
| 12:03 | Create | Villager (Male) |
| 12:30 | Build | Farm |
| 12:36 | Create | Villager (Male) |
| 12:52 | Create | Archer |
| 12:53 | Create | Archer |
| 12:53 | Create | Archer |
| 12:57 | Create | Archer |
| 13:00 | Create | Villager (Male) |
| 13:19 | Build | Blacksmith |
| 13:24 | Create | Villager (Male) |
| 13:34 | Build | Farm |
| 13:44 | Build | Farm |
| 13:50 | Create | Villager (Male) |
| 13:58 | Build | Farm |
| 14:15 | Build | Farm |
| 14:32 | Build | Farm |
| 14:34 | Create | Villager (Male) |
| 14:41 | Build | Farm |
| 14:59 | Create | Archer |
| 15:01 | Create | Villager (Male) |
| 15:05 | Build | Farm |
| 15:11 | Build | House |
| 15:21 | Build | House |
| 15:22 | Create | Villager (Male) |
| 15:27 | Build | Farm |
| 15:38 | Create | Villager (Male) |
| 15:54 | Create | Villager (Male) |
| 16:00 | Build | Farm |
| 16:10 | Build | Farm |
| 16:15 | Create | Archer |
| 16:31 | Research | Castle Age |
| 16:36 | Build | Farm |
| 16:47 | Research | Fletching |
| 16:51 | Build | Farm |
| 16:56 | Create | Spearman |
| 16:56 | Create | Spearman |
| 16:58 | Create | Spearman |
| 17:59 | Research | Double-Bit Axe |
| 18:18 | Build | House |
| 19:22 | Build | Archery Range |
| 19:24 | Create | Villager (Male) |
| 19:25 | Create | Villager (Male) |
| 19:47 | Build | Town Center |
| 19:51 | Build | Mining Camp |
| 19:54 | Create | Villager (Male) |
| 21:02 | Create | Villager (Male) |
| 21:02 | Create | Villager (Male) |
| 21:03 | Create | Villager (Male) |
| 21:19 | Research | Scale Mail Armor |
| 21:22 | Research | Scale Barding Armor |
| 21:24 | Research | Bodkin Arrow |
| 21:26 | Create | Villager (Male) |
| 21:27 | Create | Villager (Male) |
| 21:28 | Create | Villager (Male) |
| 21:29 | Create | Villager (Male) |
| 21:30 | Create | Villager (Male) |
| 21:30 | Create | Villager (Male) |
| 21:31 | Create | Villager (Male) |
| 22:01 | Build | Town Center |
| 22:13 | Build | Palisade Wall |
| 22:17 | Research | Bow Saw |
| 22:24 | Create | Villager (Male) |
| 22:25 | Create | Villager (Male) |
| 22:25 | Create | Villager (Male) |
| 23:05 | Create | Villager (Male) |
| 23:06 | Create | Villager (Male) |
| 23:07 | Create | Villager (Male) |
| 23:07 | Create | Villager (Male) |
| 23:07 | Create | Villager (Male) |
| 23:13 | Build | Farm |
| 23:24 | Build | Farm |
| 23:26 | Build | Farm |
| 23:40 | Build | Farm |
| 23:42 | Create | Villager (Male) |
| 23:42 | Create | Villager (Male) |
| 23:43 | Create | Villager (Male) |
| 23:46 | Build | Farm |
| 23:53 | Build | Farm |
| 24:15 | Create | Villager (Male) |
| 24:16 | Create | Villager (Male) |
| 24:23 | Build | Farm |
| 24:32 | Build | Farm |
| 24:38 | Build | Farm |
| 24:42 | Build | Farm |
| 24:46 | Build | Farm |
| 24:51 | Build | Farm |
| 24:53 | Create | Villager (Male) |
| 24:53 | Create | Villager (Male) |
| 24:54 | Create | Villager (Male) |
| 24:54 | Create | Villager (Male) |
| 25:12 | Build | Castle |
| 25:14 | Build | Mining Camp |
| 25:17 | Create | Villager (Male) |
| 25:17 | Create | Villager (Male) |
| 25:18 | Create | Villager (Male) |
| 25:26 | Build | House |
| 25:28 | Build | House |
| 25:29 | Build | House |
| 25:31 | Build | House |
| 25:34 | Build | House |
| 25:39 | Build | House |
| 25:42 | Build | House |
| 25:43 | Build | House |
| 25:45 | Build | House |
| 25:47 | Build | House |
| 25:49 | Build | House |
Build order — Condorito
First 150 of 333 actions detected
| 0:01 | Create | Villager (Male) |
| 0:01 | Create | Villager (Male) |
| 0:03 | Build | House |
| 0:05 | Build | House |
| 0:29 | Create | Villager (Male) |
| 0:29 | Create | Villager (Male) |
| 0:29 | Create | Villager (Male) |
| 1:24 | Create | Villager (Male) |
| 1:24 | Create | Villager (Male) |
| 1:50 | Build | Lumber Camp |
| 1:52 | Create | Villager (Male) |
| 2:18 | Build | House |
| 2:20 | Build | House |
| 2:25 | Create | Villager (Male) |
| 2:25 | Create | Villager (Male) |
| 2:52 | Create | Villager (Male) |
| 2:52 | Create | Villager (Male) |
| 2:59 | Create | Villager (Male) |
| 2:59 | Create | Villager (Male) |
| 3:33 | Create | Villager (Male) |
| 3:34 | Create | Villager (Male) |
| 3:55 | Create | Villager (Male) |
| 3:56 | Create | Villager (Male) |
| 4:24 | Create | Villager (Male) |
| 4:45 | Build | Mill |
| 4:50 | Create | Villager (Male) |
| 5:10 | Create | Villager (Male) |
| 5:11 | Create | Villager (Male) |
| 5:11 | Create | Villager (Male) |
| 5:48 | Create | Villager (Male) |
| 5:50 | Research | Loom |
| 7:13 | Research | Feudal Age |
| 7:28 | Build | Barracks |
| 8:04 | Create | Villager (Male) |
| 8:29 | Build | House |
| 9:11 | Build | House |
| 9:23 | Age | Feudal Age |
| 9:27 | Build | Stable |
| 9:33 | Research | Double-Bit Axe |
| 9:37 | Build | Farm |
| 9:49 | Build | House |
| 9:56 | Create | Villager (Male) |
| 9:56 | Create | Villager (Male) |
| 10:02 | Build | Farm |
| 10:04 | Create | Scout Cavalry |
| 10:05 | Create | Scout Cavalry |
| 10:18 | Build | Farm |
| 10:25 | Create | Villager (Male) |
| 10:27 | Build | Farm |
| 10:45 | Create | Scout Cavalry |
| 10:51 | Build | Farm |
| 10:55 | Create | Villager (Male) |
| 11:06 | Build | House |
| 11:19 | Build | Farm |
| 11:22 | Build | Farm |
| 11:23 | Create | Villager (Male) |
| 11:42 | Create | Villager (Male) |
| 11:48 | Build | Farm |
| 11:52 | Build | Farm |
| 11:55 | Build | Farm |
| 11:58 | Create | Scout Cavalry |
| 12:14 | Create | Villager (Male) |
| 12:20 | Build | Farm |
| 12:36 | Create | Scout Cavalry |
| 12:47 | Build | Farm |
| 13:04 | Create | Villager (Male) |
| 13:12 | Build | Stable |
| 13:20 | Create | Villager (Male) |
| 13:41 | Create | Scout Cavalry |
| 13:41 | Create | Scout Cavalry |
| 13:57 | Create | Villager (Male) |
| 13:57 | Create | Villager (Male) |
| 14:08 | Build | Farm |
| 14:08 | Build | Farm |
| 14:08 | Build | Farm |
| 14:09 | Build | Farm |
| 14:18 | Create | Scout Cavalry |
| 14:41 | Create | Villager (Male) |
| 14:47 | Create | Scout Cavalry |
| 14:47 | Create | Scout Cavalry |
| 14:52 | Create | Villager (Male) |
| 14:56 | Build | Farm |
| 15:03 | Build | Blacksmith |
| 15:10 | Build | Mining Camp |
| 15:18 | Create | Scout Cavalry |
| 15:18 | Create | Scout Cavalry |
| 15:32 | Create | Villager (Male) |
| 15:39 | Build | Farm |
| 15:42 | Build | House |
| 15:44 | Build | House |
| 15:49 | Research | Town Watch |
| 16:13 | Create | Villager (Male) |
| 16:39 | Create | Villager (Male) |
| 16:42 | Build | House |
| 16:43 | Build | House |
| 16:52 | Research | Scale Barding Armor |
| 16:56 | Research | Bloodlines |
| 17:06 | Create | Villager (Male) |
| 17:14 | Build | Farm |
| 17:28 | Create | Scout Cavalry |
| 17:28 | Create | Scout Cavalry |
| 17:42 | Build | Palisade Gate |
| 17:45 | Build | House |
| 17:52 | Create | Villager (Male) |
| 17:52 | Create | Villager (Male) |
| 17:52 | Create | Villager (Male) |
| 18:20 | Create | Scout Cavalry |
| 18:20 | Create | Scout Cavalry |
| 18:30 | Create | Villager (Male) |
| 18:30 | Create | Villager (Male) |
| 18:36 | Build | Mill |
| 18:37 | Build | Farm |
| 18:37 | Build | Farm |
| 18:37 | Build | Farm |
| 18:37 | Build | Farm |
| 18:38 | Build | Farm |
| 18:38 | Build | Farm |
| 18:38 | Build | Farm |
| 18:47 | Create | Villager (Male) |
| 19:03 | Build | House |
| 19:19 | Create | Scout Cavalry |
| 19:19 | Create | Scout Cavalry |
| 19:19 | Create | Scout Cavalry |
| 19:24 | Build | Farm |
| 20:02 | Create | Villager (Male) |
| 20:03 | Create | Villager (Male) |
| 20:08 | Create | Villager (Male) |
| 20:10 | Build | Farm |
| 20:10 | Build | Farm |
| 20:10 | Build | Farm |
| 20:11 | Build | Farm |
| 20:11 | Build | Farm |
| 20:11 | Build | Farm |
| 20:40 | Build | Farm |
| 21:00 | Build | Farm |
| 21:05 | Build | House |
| 21:30 | Create | Villager (Male) |
| 21:31 | Create | Villager (Male) |
| 22:00 | Build | House |
| 22:02 | Build | House |
| 22:12 | Build | Market |
| 22:24 | Research | Castle Age |
| 22:39 | Create | Scout Cavalry |
| 22:40 | Create | Scout Cavalry |
| 23:04 | Create | Villager (Male) |
| 23:08 | Build | House |
| 23:52 | Build | House |
| 23:58 | Research | Gold Mining |
| 24:00 | Create | Villager (Male) |
| 24:50 | Build | House |
Build order — NEMAGOVE
First 150 of 349 actions detected
| 0:01 | Create | Villager (Male) |
| 0:02 | Build | House |
| 0:03 | Build | House |
| 0:26 | Create | Villager (Male) |
| 0:26 | Create | Villager (Male) |
| 0:26 | Create | Villager (Male) |
| 0:27 | Create | Villager (Male) |
| 1:26 | Create | Villager (Male) |
| 1:26 | Create | Villager (Male) |
| 1:46 | Build | Lumber Camp |
| 2:01 | Create | Villager (Male) |
| 2:30 | Create | Villager (Male) |
| 2:50 | Create | Villager (Male) |
| 2:50 | Create | Villager (Male) |
| 3:03 | Create | Villager (Male) |
| 3:35 | Create | Villager (Male) |
| 3:36 | Create | Villager (Male) |
| 4:15 | Create | Villager (Male) |
| 4:15 | Create | Villager (Male) |
| 4:15 | Create | Villager (Male) |
| 4:45 | Research | Loom |
| 4:53 | Build | House |
| 4:57 | Build | House |
| 5:07 | Create | Villager (Male) |
| 5:28 | Create | Villager (Male) |
| 5:54 | Create | Villager (Male) |
| 6:12 | Create | Villager (Male) |
| 6:16 | Build | Mill |
| 6:38 | Create | Villager (Male) |
| 7:13 | Create | Villager (Male) |
| 7:34 | Research | Feudal Age |
| 8:01 | Build | Lumber Camp |
| 8:30 | Build | Mining Camp |
| 8:35 | Create | Villager (Male) |
| 9:35 | Build | Barracks |
| 9:40 | Build | Palisade Wall |
| 9:43 | Build | House |
| 10:00 | Age | Feudal Age |
| 10:07 | Research | Double-Bit Axe |
| 10:09 | Create | Villager (Male) |
| 10:19 | Build | House |
| 10:20 | Build | Palisade Wall |
| 10:21 | Build | Palisade Wall |
| 10:21 | Build | Palisade Wall |
| 10:22 | Build | Palisade Wall |
| 10:22 | Build | Palisade Wall |
| 10:23 | Build | Palisade Wall |
| 10:26 | Create | Villager (Male) |
| 10:28 | Build | Farm |
| 10:31 | Create | Villager (Male) |
| 10:31 | Create | Villager (Male) |
| 10:31 | Create | Villager (Male) |
| 10:40 | Build | Archery Range |
| 11:20 | Build | Palisade Wall |
| 11:21 | Build | Palisade Wall |
| 11:28 | Build | House |
| 11:42 | Build | Farm |
| 11:44 | Build | Farm |
| 11:45 | Build | Farm |
| 11:45 | Build | Farm |
| 11:49 | Build | Farm |
| 12:05 | Create | Archer |
| 12:05 | Create | Archer |
| 12:16 | Build | Farm |
| 12:19 | Create | Spearman |
| 12:22 | Create | Villager (Male) |
| 12:30 | Build | Palisade Wall |
| 12:32 | Create | Villager (Male) |
| 12:46 | Build | Farm |
| 12:50 | Create | Archer |
| 12:55 | Create | Archer |
| 13:02 | Create | Villager (Male) |
| 13:08 | Build | Farm |
| 13:18 | Build | Palisade Wall |
| 13:22 | Build | Palisade Wall |
| 13:35 | Create | Villager (Male) |
| 13:38 | Build | Farm |
| 13:39 | Create | Archer |
| 13:41 | Create | Spearman |
| 14:00 | Create | Archer |
| 14:04 | Build | Farm |
| 14:07 | Create | Villager (Male) |
| 14:12 | Create | Villager (Male) |
| 14:22 | Build | House |
| 14:48 | Create | Villager (Male) |
| 15:30 | Create | Villager (Male) |
| 15:33 | Build | House |
| 15:34 | Build | House |
| 15:39 | Create | Archer |
| 15:39 | Create | Archer |
| 15:50 | Create | Spearman |
| 16:17 | Create | Villager (Male) |
| 16:17 | Create | Villager (Male) |
| 16:18 | Create | Villager (Male) |
| 16:32 | Create | Villager (Male) |
| 16:47 | Create | Archer |
| 16:48 | Create | Villager (Male) |
| 16:50 | Build | House |
| 16:52 | Create | Villager (Male) |
| 16:54 | Create | Archer |
| 16:59 | Build | Archery Range |
| 17:02 | Build | Archery Range |
| 17:09 | Create | Spearman |
| 17:12 | Create | Skirmisher |
| 17:14 | Create | Archer |
| 17:21 | Build | Blacksmith |
| 17:28 | Create | Spearman |
| 18:05 | Build | Palisade Gate |
| 18:08 | Build | House |
| 18:14 | Create | Spearman |
| 18:36 | Create | Villager (Male) |
| 18:43 | Research | Castle Age |
| 18:46 | Build | Farm |
| 18:48 | Build | Farm |
| 19:06 | Create | Villager (Male) |
| 19:09 | Build | Farm |
| 19:20 | Create | Archer |
| 19:21 | Create | Archer |
| 19:21 | Create | Archer |
| 19:28 | Create | Villager (Male) |
| 19:36 | Create | Archer |
| 19:36 | Create | Archer |
| 19:37 | Create | Archer |
| 19:37 | Create | Archer |
| 19:37 | Create | Archer |
| 19:38 | Create | Archer |
| 19:38 | Create | Archer |
| 19:39 | Create | Archer |
| 19:39 | Create | Archer |
| 19:45 | Create | Spearman |
| 19:45 | Create | Spearman |
| 19:45 | Create | Spearman |
| 20:05 | Build | Mining Camp |
| 20:21 | Build | Farm |
| 20:24 | Create | Spearman |
| 20:25 | Create | Spearman |
| 20:28 | Create | Spearman |
| 20:33 | Create | Archer |
| 20:33 | Create | Archer |
| 20:35 | Research | Fletching |
| 20:35 | Research | Padded Archer Armor |
| 20:59 | Build | Farm |
| 21:07 | Create | Archer |
| 21:08 | Create | Archer |
| 21:08 | Create | Archer |
| 21:15 | Research | Padded Archer Armor |
| 21:15 | Research | Padded Archer Armor |
| 21:20 | Create | Spearman |
| 21:21 | Create | Spearman |
| 21:27 | Age | Castle Age |
Build order — Betjan0000
First 150 of 349 actions detected
| 0:02 | Build | House |
| 0:03 | Build | House |
| 0:03 | Create | Villager (Male) |
| 0:04 | Create | Villager (Male) |
| 0:04 | Create | Villager (Male) |
| 0:04 | Create | Villager (Male) |
| 1:25 | Create | Villager (Male) |
| 1:25 | Create | Villager (Male) |
| 1:25 | Create | Villager (Male) |
| 1:59 | Create | Villager (Male) |
| 1:59 | Create | Villager (Male) |
| 2:22 | Create | Villager (Male) |
| 2:22 | Create | Villager (Male) |
| 3:12 | Build | Lumber Camp |
| 3:19 | Create | Villager (Male) |
| 3:19 | Create | Villager (Male) |
| 3:19 | Create | Villager (Male) |
| 4:00 | Create | Villager (Male) |
| 4:00 | Create | Villager (Male) |
| 4:00 | Create | Villager (Male) |
| 4:14 | Create | Villager (Male) |
| 4:15 | Create | Villager (Male) |
| 5:07 | Build | House |
| 5:10 | Research | Loom |
| 5:25 | Build | House |
| 5:34 | Create | Villager (Male) |
| 5:53 | Create | Villager (Male) |
| 5:53 | Create | Villager (Male) |
| 6:02 | Build | House |
| 6:14 | Create | Villager (Male) |
| 6:47 | Create | Villager (Male) |
| 6:53 | Build | Mill |
| 7:29 | Create | Villager (Male) |
| 8:13 | Build | Mill |
| 8:16 | Create | Villager (Male) |
| 8:17 | Create | Villager (Male) |
| 8:27 | Research | Feudal Age |
| 8:51 | Create | Villager (Male) |
| 8:52 | Create | Villager (Male) |
| 8:52 | Create | Villager (Male) |
| 8:52 | Create | Villager (Male) |
| 8:56 | Build | Mining Camp |
| 9:38 | Build | House |
| 9:54 | Build | Palisade Wall |
| 10:04 | Create | Villager (Male) |
| 10:12 | Build | Barracks |
| 10:26 | Create | Villager (Male) |
| 10:38 | Build | Palisade Wall |
| 10:42 | Build | Palisade Wall |
| 11:01 | Build | Lumber Camp |
| 11:10 | Create | Spearman |
| 11:10 | Create | Spearman |
| 11:10 | Create | Spearman |
| 11:22 | Create | Villager (Male) |
| 11:22 | Create | Villager (Male) |
| 11:27 | Build | House |
| 11:31 | Create | Militia |
| 11:33 | Create | Militia |
| 11:55 | Build | Palisade Wall |
| 11:58 | Build | Palisade Wall |
| 12:05 | Build | Palisade Gate |
| 12:12 | Create | Spearman |
| 12:23 | Research | Horse Collar |
| 12:25 | Research | Double-Bit Axe |
| 12:35 | Create | Spearman |
| 12:53 | Build | Archery Range |
| 13:04 | Create | Villager (Male) |
| 13:16 | Build | Farm |
| 13:16 | Build | Farm |
| 13:16 | Build | Farm |
| 13:16 | Build | Farm |
| 13:16 | Build | Farm |
| 13:17 | Build | Farm |
| 13:17 | Build | Farm |
| 13:17 | Build | Farm |
| 13:51 | Create | Skirmisher |
| 13:51 | Create | Skirmisher |
| 13:57 | Create | Spearman |
| 14:04 | Build | Blacksmith |
| 14:13 | Create | Villager (Male) |
| 14:21 | Create | Skirmisher |
| 14:22 | Create | Skirmisher |
| 14:32 | Build | Watch Tower |
| 15:14 | Create | Skirmisher |
| 15:41 | Build | Farm |
| 15:42 | Build | Farm |
| 15:42 | Build | Farm |
| 15:42 | Build | Farm |
| 15:42 | Build | Farm |
| 15:42 | Build | Farm |
| 16:23 | Create | Skirmisher |
| 16:23 | Create | Skirmisher |
| 16:45 | Create | Villager (Male) |
| 16:45 | Create | Villager (Male) |
| 16:52 | Create | Spearman ×3 |
| 16:56 | Build | House |
| 16:58 | Build | House |
| 17:00 | Build | House |
| 17:20 | Build | Farm |
| 17:20 | Build | Farm |
| 17:20 | Build | Farm |
| 17:21 | Build | Farm |
| 17:21 | Build | Farm |
| 17:33 | Create | Villager (Male) |
| 18:03 | Create | Villager (Male) |
| 18:03 | Create | Villager (Male) |
| 18:10 | Build | Farm |
| 18:10 | Build | Farm |
| 18:11 | Build | Farm |
| 18:11 | Build | Farm |
| 18:24 | Create | Skirmisher |
| 18:24 | Create | Skirmisher |
| 18:39 | Build | Stone Wall |
| 18:47 | Build | Stone Wall |
| 18:52 | Create | Villager (Male) |
| 18:53 | Create | Villager (Male) |
| 18:53 | Create | Villager (Male) |
| 19:00 | Build | Palisade Gate |
| 19:12 | Research | Padded Archer Armor |
| 19:25 | Create | Villager (Male) |
| 19:37 | Build | Gate |
| 19:50 | Build | Stone Wall |
| 19:58 | Build | Palisade Wall |
| 20:00 | Create | Villager (Male) |
| 20:15 | Research | Fletching |
| 20:17 | Create | Skirmisher ×5 |
| 20:32 | Create | Villager (Male) |
| 20:33 | Create | Villager (Male) |
| 20:39 | Build | Farm |
| 20:39 | Build | Farm |
| 20:39 | Build | Farm |
| 20:39 | Build | Farm |
| 20:40 | Build | Farm |
| 20:40 | Build | Farm |
| 20:42 | Create | Villager (Male) |
| 20:42 | Create | Villager (Male) |
| 21:08 | Build | Palisade Wall |
| 21:12 | Build | Palisade Wall |
| 21:13 | Create | Villager (Male) |
| 21:16 | Create | Villager (Male) |
| 21:16 | Create | Villager (Male) |
| 21:20 | Build | Farm |
| 21:20 | Build | Farm |
| 21:20 | Build | Farm |
| 21:20 | Build | Farm |
| 21:20 | Build | Farm |
| 21:45 | Research | Wheelbarrow |
| 21:46 | Research | Wheelbarrow |
| 22:11 | Create | Villager (Male) |
| 22:26 | Create | Spearman |
Build order — Sacchetti
First 150 of 258 actions detected
| 0:04 | Build | House |
| 0:05 | Build | House |
| 0:06 | Create | Villager (Male) |
| 0:06 | Create | Villager (Male) |
| 0:38 | Create | Villager (Male) |
| 0:39 | Create | Villager (Male) |
| 1:54 | Build | Lumber Camp |
| 1:55 | Create | Villager (Male) |
| 2:13 | Create | Villager (Male) |
| 2:13 | Create | Villager (Male) |
| 2:41 | Create | Villager (Male) |
| 2:41 | Create | Villager (Male) |
| 3:15 | Create | Villager (Male) |
| 3:29 | Create | Villager (Male) |
| 3:44 | Build | House |
| 3:57 | Create | Villager (Male) |
| 3:58 | Create | Villager (Male) |
| 4:24 | Create | Villager (Male) |
| 4:27 | Build | Mill |
| 4:54 | Create | Villager (Male) |
| 4:54 | Create | Villager (Male) |
| 5:32 | Create | Villager (Male) |
| 5:32 | Create | Villager (Male) |
| 6:17 | Create | Villager (Male) |
| 6:19 | Research | Loom |
| 6:25 | Build | House |
| 6:38 | Research | Loom |
| 7:20 | Create | Villager (Male) |
| 7:46 | Research | Feudal Age |
| 7:47 | Research | Feudal Age |
| 8:14 | Build | Barracks |
| 9:11 | Build | House |
| 9:19 | Create | Villager (Male) |
| 9:56 | Age | Feudal Age |
| 10:02 | Build | Stable |
| 10:03 | Create | Villager (Male) |
| 10:08 | Research | Double-Bit Axe |
| 10:08 | Research | Double-Bit Axe |
| 10:15 | Create | Spearman |
| 10:36 | Create | Villager (Male) |
| 10:48 | Create | Villager (Male) |
| 10:53 | Build | Farm |
| 10:59 | Create | Scout Cavalry |
| 11:00 | Create | Scout Cavalry |
| 11:00 | Create | Scout Cavalry |
| 11:08 | Build | Palisade Wall |
| 11:15 | Build | Farm |
| 11:17 | Build | Farm |
| 11:20 | Create | Villager (Male) |
| 11:42 | Build | Farm |
| 11:42 | Create | Villager (Male) |
| 11:45 | Create | Scout Cavalry |
| 11:45 | Create | Scout Cavalry |
| 11:49 | Build | House |
| 11:54 | Build | House |
| 12:00 | Create | Villager (Male) |
| 12:06 | Create | Scout Cavalry |
| 12:16 | Build | Farm |
| 12:44 | Create | Villager (Male) |
| 12:47 | Create | Scout Cavalry |
| 13:01 | Create | Villager (Male) |
| 13:19 | Build | Farm |
| 13:27 | Create | Villager (Male) |
| 13:39 | Build | Farm |
| 13:41 | Build | Farm |
| 13:58 | Create | Scout Cavalry |
| 14:08 | Build | Blacksmith |
| 14:08 | Create | Villager (Male) |
| 14:11 | Build | Farm |
| 14:44 | Create | Scout Cavalry |
| 14:47 | Create | Villager (Male) |
| 14:55 | Build | Farm |
| 14:57 | Build | Farm |
| 15:03 | Build | Blacksmith |
| 15:30 | Create | Villager (Male) |
| 15:35 | Build | Farm |
| 15:37 | Build | Farm |
| 16:21 | Create | Scout Cavalry |
| 16:30 | Build | Farm |
| 16:48 | Build | House |
| 17:00 | Build | Mining Camp |
| 17:01 | Create | Scout Cavalry |
| 17:05 | Build | Farm |
| 17:09 | Research | Scale Barding Armor |
| 17:18 | Build | Archery Range |
| 17:22 | Build | Farm |
| 17:25 | Create | Scout Cavalry |
| 17:41 | Create | Scout Cavalry |
| 17:56 | Build | Farm |
| 18:30 | Build | House |
| 18:31 | Create | Villager (Male) |
| 18:31 | Create | Villager (Male) |
| 18:37 | Build | House |
| 18:57 | Create | Villager (Male) |
| 19:21 | Build | Farm |
| 19:23 | Research | Horse Collar |
| 19:55 | Create | Villager (Male) |
| 20:00 | Build | Farm |
| 20:02 | Create | Villager (Male) |
| 20:51 | Create | Villager (Male) |
| 21:34 | Research | Castle Age |
| 21:40 | Build | Stable |
| 22:00 | Research | Bloodlines |
| 22:16 | Build | Palisade Wall |
| 22:23 | Build | Palisade Wall |
| 22:24 | Create | Villager (Male) |
| 22:32 | Create | Spearman |
| 22:54 | Create | Villager (Male) |
| 23:19 | Create | Scout Cavalry |
| 23:24 | Build | Farm |
| 23:39 | Research | Gold Mining |
| 23:40 | Create | Villager (Male) |
| 23:45 | Research | Wheelbarrow |
| 24:14 | Age | Castle Age |
| 24:16 | Build | Town Center |
| 24:19 | Create | Knight |
| 24:20 | Create | Knight |
| 24:20 | Create | Knight |
| 24:27 | Create | Villager (Male) |
| 24:51 | Create | Knight |
| 24:51 | Create | Knight |
| 24:51 | Create | Knight |
| 25:05 | Create | Villager (Male) |
| 25:13 | Create | Knight |
| 25:17 | Create | Villager (Male) |
| 25:28 | Build | Lumber Camp |
| 25:48 | Create | Villager (Male) |
| 25:49 | Build | Farm |
| 25:51 | Build | Farm |
| 25:54 | Build | Farm |
| 25:55 | Create | Villager (Male) |
| 25:56 | Create | Villager (Male) |
| 26:04 | Create | Knight |
| 26:04 | Create | Knight |
| 26:23 | Create | Knight |
| 26:23 | Create | Knight |
| 26:24 | Create | Villager (Male) |
| 26:30 | Research | Bow Saw |
| 26:45 | Create | Villager (Male) |
| 27:08 | Create | Villager (Male) |
| 27:13 | Create | Villager (Male) |
| 27:14 | Create | Villager (Male) |
| 27:19 | Build | Farm |
| 27:30 | Create | Knight |
| 27:30 | Create | Knight |
| 27:45 | Build | Town Center |
| 28:11 | Build | House |
| 28:13 | Build | House |
| 28:13 | Create | Villager (Male) |
| 28:31 | Create | Villager (Male) |
Match timeline
| 7:28 | Condorito · first_building Barracks |
| 7:58 | joaquinlopez96 · first_building Barracks |
| 8:14 | Sacchetti · first_building Barracks |
| 8:29 | miraclemax911 · first_building Barracks |
| 8:34 | joaquinlopez96 · wall_segment Palisade Wall x14 |
| 8:57 | miraclemax911 · wall_segment Palisade Wall x10 |
| 9:15 | miraclemax911 · wall_segment Palisade Wall x19 |
| 9:23 | Condorito · age_up feudal |
| 9:27 | Condorito · first_building Stable |
| 9:31 | joaquinlopez96 · wall_segment Palisade Wall x17 |
| 9:32 | miraclemax911 · wall_segment Palisade Wall x13 |
| 9:35 | NEMAGOVE · first_building Barracks |
| 9:40 | NEMAGOVE · wall_segment Palisade Wall x1 |
| 9:52 | miraclemax911 · wall_segment Palisade Wall x21 |
| 9:54 | Betjan0000 · wall_segment Palisade Wall x3 |
| 9:56 | Sacchetti · age_up feudal |
| 10:00 | NEMAGOVE · age_up feudal |
| 10:00 | joaquinlopez96 · wall_segment Palisade Wall x1 |
| 10:02 | Sacchetti · first_building Stable |
| 10:12 | Betjan0000 · first_building Barracks |
| 10:20 | NEMAGOVE · wall_segment Palisade Wall x1 |
| 10:21 | NEMAGOVE · wall_segment Palisade Wall x1 |
| 10:21 | NEMAGOVE · wall_segment Palisade Wall x1 |
| 10:22 | NEMAGOVE · wall_segment Palisade Wall x1 |
| 10:22 | NEMAGOVE · wall_segment Palisade Wall x1 |
| 10:23 | NEMAGOVE · wall_segment Palisade Wall x1 |
| 10:34 | miraclemax911 · age_up feudal |
| 10:38 | Betjan0000 · wall_segment Palisade Wall x4 |
| 10:40 | NEMAGOVE · first_building Archery Range |
| 10:42 | Betjan0000 · wall_segment Palisade Wall x1 |
| 10:51 | miraclemax911 · first_building Stable |
| 11:01 | joaquinlopez96 · wall_segment Palisade Wall x18 |
| 11:08 | Sacchetti · wall_segment Palisade Wall x5 |
| 11:17 | joaquinlopez96 · wall_segment Palisade Wall x12 |
| 11:20 | NEMAGOVE · wall_segment Palisade Wall x1 |
| 11:21 | NEMAGOVE · wall_segment Palisade Wall x1 |
| 11:55 | joaquinlopez96 · first_building Archery Range |
| 11:55 | Betjan0000 · wall_segment Palisade Wall x7 |
| 11:58 | Betjan0000 · wall_segment Palisade Wall x13 |
| 12:30 | NEMAGOVE · wall_segment Palisade Wall x5 |
| 12:53 | Betjan0000 · first_building Archery Range |
| 13:18 | NEMAGOVE · wall_segment Palisade Wall x3 |
| 13:22 | NEMAGOVE · wall_segment Palisade Wall x8 |
| 17:18 | Sacchetti · first_building Archery Range |
| 18:39 | Betjan0000 · wall_segment Stone Wall x5 |
| 18:47 | Betjan0000 · wall_segment Stone Wall x7 |
| 19:22 | miraclemax911 · first_building Archery Range |
| 19:50 | Betjan0000 · wall_segment Stone Wall x9 |
| 19:58 | Betjan0000 · wall_segment Palisade Wall x7 |
| 21:08 | Betjan0000 · wall_segment Palisade Wall x11 |
| 21:12 | Betjan0000 · wall_segment Palisade Wall x12 |
| 21:27 | NEMAGOVE · age_up castle |
| 21:49 | miraclemax911 · wall_segment Palisade Wall x2 |
| 22:13 | joaquinlopez96 · wall_segment Palisade Wall x1 |
| 22:16 | Sacchetti · wall_segment Palisade Wall x3 |
| 22:23 | Sacchetti · wall_segment Palisade Wall x5 |
| 22:29 | miraclemax911 · wall_segment Palisade Wall x12 |
| 22:37 | miraclemax911 · wall_segment Palisade Wall x9 |
| 23:53 | miraclemax911 · wall_segment Stone Wall x3 |
| 24:04 | miraclemax911 · wall_segment Stone Wall x3 |
| 24:14 | Sacchetti · age_up castle |
| 25:04 | Condorito · age_up castle |
| 25:12 | joaquinlopez96 · first_building Castle |
| 26:18 | miraclemax911 · first_market_sell 500 wood |
| 26:19 | miraclemax911 · first_market_buy 100 food |
| 26:38 | Condorito · tribute_sent a jugador 1 |
| 26:38 | Condorito · tribute_sent a jugador 2 |
| 26:38 | Condorito · tribute_sent a jugador 4 |
| 26:38 | Condorito · tribute_sent a jugador 5 |
| 26:38 | Condorito · tribute_sent a jugador 6 |
| 26:53 | Condorito · first_market_sell 100 food |
| 27:46 | miraclemax911 · wall_segment Stone Wall x9 |
| 27:51 | miraclemax911 · wall_segment Stone Wall x2 |
| 28:06 | miraclemax911 · wall_segment Stone Wall x9 |
| 28:27 | NEMAGOVE · first_building Castle |
| 29:09 | miraclemax911 · age_up castle |
| 29:48 | Condorito · first_market_buy 100 wood |
| 32:01 | joaquinlopez96 · first_building Stable |
| 32:30 | joaquinlopez96 · wall_segment Stone Wall x16 |
| 33:09 | joaquinlopez96 · first_building Monastery |
| 33:29 | joaquinlopez96 · wall_segment Stone Wall x7 |
| 33:52 | Sacchetti · first_building Monastery |
| 35:33 | Betjan0000 · first_building Monastery |
| 36:25 | Condorito · first_building Monastery |
| 36:28 | NEMAGOVE · first_building Monastery |
| 36:58 | Sacchetti · wall_segment Stone Wall x8 |
| 37:04 | miraclemax911 · first_building Monastery |
| 37:42 | Sacchetti · wall_segment Stone Wall x12 |
| 37:49 | Betjan0000 · wall_segment Stone Wall x7 |
| 38:49 | miraclemax911 · first_building Castle |
| 39:01 | Betjan0000 · wall_segment Stone Wall x10 |
| 39:09 | NEMAGOVE · first_building Siege Workshop |
| 39:24 | Betjan0000 · first_building Castle |
| 39:59 | joaquinlopez96 · first_building Siege Workshop |
| 41:18 | Sacchetti · first_building Castle |
| 41:18 | Condorito · age_up imperial |
| 41:37 | miraclemax911 · resign |
| 42:07 | Sacchetti · age_up imperial |
[ AI ANALYSIS · 1 CREDIT ]
What really happened in this match?
Wolo.gg analyzes every decision: build order, eco, micro, common mistakes by bracket. Personalized analysis on WhatsApp or Discord in 30 seconds.
Civ guide
Tatars
Map guide
Arabia
Perfil
miraclemax911